 Dungeon Crawl Stone Soup version 0.30-a0-371-gad7725a93e (webtiles) character file.

Game seed: 16086924087807818042

16 ryw the Vexing (level 2, -1/21 HPs)
             Began as a Demonspawn Wanderer on Nov 20, 2022.
             Slain by a hobgoblin (3 damage)
             ... on level 1 of the Dungeon.
             The game lasted 00:01:34 (530 turns).

ryw the Vexing (Demonspawn Wanderer)                 Turns: 530, Time: 00:01:35

Health: -1/21      AC:  2    Str: 11    XL:     2   Next: 37%
Magic:  5/5        EV: 11    Int: 15    God:
Gold:   15         SH:  8    Dex: 11    Spells: 5/5 levels left

rFire   . . .      SeeInvis .    b - +0 short sword (freeze)
rCold   . . .      Faith    .    d - +0 buckler
rNeg    . . .      Spirit   .    e - +0 robe
rPois   .          Reflect  .    (no helmet)
rElec   .          Harm     .    (no cloak)
rCorr   .          Rampage  .    (no gloves)
Will    .....                    (no boots)
Stlth   +.........               (no amulet)
HPRegen 0.23/turn                (no ring)
MPRegen 0.09/turn                (no ring)

@: no status effects
A: condensation shield
a: no special abilities


You were on level 1 of the Dungeon.
You visited 1 branch of the dungeon, and saw 1 of its levels.

You collected 15 gold pieces.

Inventory:

Hand Weapons
 b - a +0 short sword of freezing (weapon)
Armour
 d - a +0 buckler (worn)
 e - a +0 robe (worn)


   Skills:
 + Level 1.3 Fighting
 + Level 1.2 Dodging
 - Level 1.7 Shields
 - Level 2.0 Spellcasting
 - Level 3.0 Hexes
 - Level 2.6 Transmutations


You had 5 spell levels left.
You didn't know any spells.
Your spell library contained the following spells:

 Spells                   Type           Power      Damage    Failure   Level
 Slow                     Hex            40%        N/A       9%          1
 Beastly Appendage        Tmut           18%        N/A       10%         1
 Spider Form              Tmut/Pois      5%         N/A       45%         3
 Fulminant Prism          Conj/Hex       3%         3d5       83%         4
 Leda's Liquefaction      Hex/Erth       3%         N/A       83%         4


Dungeon Overview and Level Annotations

Branches:
Dungeon (1/15)

Altars:


Innate Abilities, Weirdness & Mutations

A meltable shield of frost defends you. (SH +4)


Message History

You barely miss the hobgoblin. The hobgoblin hits you.
You hit the hobgoblin.
The hobgoblin is lightly wounded.
The hobgoblin closely misses you.
You hit the hobgoblin but do no damage.
The hobgoblin is lightly wounded.
You block the hobgoblin's attack.
You hit the hobgoblin but do no damage.
The hobgoblin is lightly wounded.
The hobgoblin hits you.
You hit the hobgoblin.
The hobgoblin is lightly wounded.
The hobgoblin hits you.
You closely miss the hobgoblin.
The hobgoblin is lightly wounded.
You block the hobgoblin's attack.
You hit the hobgoblin.
The hobgoblin is heavily wounded.
The hobgoblin hits you.
You hit the hobgoblin.
The hobgoblin is almost dead.
The hobgoblin hits you.
* * * LOW HITPOINT WARNING * * *
You barely miss the hobgoblin.
The hobgoblin is almost dead.
The hobgoblin barely misses you.
You aren't carrying any potions.
Unknown command.
Unknown command.
Unknown command.
As you read the scroll labelled NEWOJ ISHENK, it crumbles to dust.
It is a scroll of brand weapon.
Your +0 short sword is covered with a thin layer of ice!
b - a +0 short sword of freezing (weapon)
The hobgoblin hits you.
* * * LOW HITPOINT WARNING * * *
As you read the scroll labelled BOMEUN LAAGRUN, it crumbles to dust.
You feel aware of your surroundings.
You sensed 1 altar.
It was a scroll of magic mapping.
The hobgoblin hits you.
You die...

,**,* ***,,* *#......,*,,******
,,,,****,#..# *.......,,*,*,,,,,
***,,**,,#..# ##...!...,,*^*,,,,*
**,..,*#..###.g....r.,,*_*,,,,*
###...#**#..##.g#,,,,,,,,***,,,,*
.....#* #..##.##,,,,,,,,,,,,,,,*
###.## #..#..#********,,,,,,,,* #
########..#)##########,,,,,,,,*
#.##..##...rgg@.......,,,,,,,,,
##..##.'...###########,,,,,,,,*
##########...# ****,,,,,,,,,,,,
.............#****,,,,****,,,,*,,
############........,,,,,,,,,,,,,
*,......#..,,*,,,,,,,**,
*.......#,,,,*,*,,,,,**,
#.......#,,,,*,*,,,,,**, # ######
#.....(.#,,,,*,*,,,,,**,


You could see a quokka and 2 hobgoblins.

Vanquished Creatures
  A dart slug (D:1)
  An endoplasm (D:1)
  A giant cockroach (D:1)
  A goblin (D:1)
  2 hobgoblins (D:1)
  A kobold (D:1)
  A quokka (D:1)
  A ball python (D:1)
  A bat (D:1)
  3 rats (D:1)
13 creatures vanquished.

Notes
Turn   | Place    | Note
-------+----------+-------------------------------------------
     0 | D:1      | ryw the Demonspawn Wanderer began the quest for the Orb.
     0 | D:1      | ryw set off with the following items: a +0 club, a potion
                  | of lignification, a +0 robe, a +0 buckler; and the
                  | following spells available to memorise: Slow, Beastly
                  | Appendage, Spider Form, Fulminant Prism, Leda's
                  | Liquefaction.
     0 | D:1      | Reached XP level 1. HP: 13/13 MP: 3/3
   179 | D:1      | Reached skill level 1 in Fighting
   195 | D:1      | Reached skill level 1 in Dodging
   195 | D:1      | Gained mutation: A meltable shield of frost defends you.
                  | (SH +4) [demonic ancestry]
   195 | D:1      | Reached XP level 2. HP: 17/21 MP: 5/5
   530 | D:1      | Slain by a hobgoblin

Illustrated notes

Levels and vault maps discovered:
D:1:      dpeg_arrival_round_a, layout_basic,
          hellmonk_ecumenical_altar_leap_of_faith

Skill      XL: |  1 |
---------------+----+-----
Fighting       | 1 |  1.3
Dodging        | 1 |  1.2
Shields        | |  1.7
Spellcasting   | |  2.0
Hexes          | |  3.0
Transmutations | |  2.6

Action                   || total
-------------------------++-------
Melee: Club              ||    26
       Short sword       ||    56
  Use: Potion            ||     1
       Scroll            ||     2
Armor: Robe              ||    11
       Skin              ||     3
Dodge: Dodged            ||    40
Block: Buckler           ||    25

Table legend: (Time is in decaauts)
 A = Elapsed time spent in this place.
 B = Non-inter-level travel time spent in this place.
 C = Inter-level travel time spent in this place.
 D = Time resting spent in this place.
 E = Time spent auto-exploring this place.
 F = Levels seen in this place.
 G = Mean time per level.
                   A        B        C        D        E       F      G
               +--------+--------+--------+--------+--------+-----+--------+
         Total |    541 |    541 |      0 |    104 |    260 |   1 |  541.0 |
       Dungeon |    541 |    541 |      0 |    104 |    260 |   1 |  541.0 |
               +--------+--------+--------+--------+--------+-----+--------+

Top non-repeatable levels by time:
     D:1: 541 daAuts
